Map: Goldenaura LE

Players

SubN

  • Race: Zerg Zerg
  • League: Diamond
  • Spawn Location: 5:00

kettle - Winner!

  • Race: Zerg Zerg
  • League: Platinum
  • Spawn Location: 12:00

VOD

Have the link to the VOD?

Description

Time

  • Played on: Dec. 20, 2023, 8:37 p.m.
  • Length: 6:50
Show
View Real Time Build Order
Export as new Build Order

SubN Zerg 

Build Orders: Hatch First 

Get SALT Encoding   

  12  0:00  Drone  
  13  0:12  Overlord  
  13  0:16  Drone  
  14  0:30  Drone x2  
  16  0:48  Hatchery  
  15  0:52  Drone  
  15  0:56  Drone  
  17  0:59  Drone  
  17  1:04  Extractor  
  17  1:16  Spawning Pool  
  16  1:19  Drone  
  16  1:22  Drone  
  18  1:27  Drone  
  19  1:38  Drone  
  20  1:49  Overlord  
  20  2:03  Queen x2  
  20  2:06  Metabolic Boost  
  24  2:12  Drone  
  24  2:15  Drone  
  26  2:18  Drone  
  27  2:23  Drone x2  
  27  2:25  Drone  
  30  2:34  Overlord  
  30  2:37  Overlord  
  30  2:42  Queen  
  32  2:50  Drone x2  
  34  2:53  Drone  
  34  2:57  Drone  
  36  3:04  Drone  
  37  3:20  Drone x6  
  43  3:27  Lair  
  43  3:39  Extractor  
  42  3:41  Extractor  
  42  3:42  Hatchery  
  40  3:56  Drone, Evolution Chamber  
  40  3:57  Drone x3  
  40  3:58  Drone, Evolution Chamber  
  40  3:59  Overlord  
  40  4:00  Overlord x2, Roach Warren  
  42  4:11  Drone x3  
  42  4:13  Overlord  
  42  4:14  Drone  
  42  4:15  Drone  
  47  4:18  Extractor  
  47  4:23  Drone  
  47  4:31  Zerg Missile Weapons Level 1  
  47  4:34  Drone x7  
  54  4:40  Glial Reconstitution  
  54  4:47  Overlord x2  
  54  4:54  Queen  
  54  4:58  Drone x8  
  64  5:13  Drone x3  
  67  5:16  Extractor  
  67  5:20  Drone  
  67  5:21  Drone x2  
  69  5:27  Drone  
  70  5:29  Drone  
  70  5:35  Overlord x3  
  71  5:36  Overlord  
  71  5:39  Roach x3  
  71  5:41  Overseer  
  77  5:47  Roach  
  79  5:52  Roach x2  
  83  5:58  Roach x2  
  83  6:03  Roach  
  83  6:04  Roach x6  
  93  6:08  Roach  
  93  6:09  Roach x2  
  97  6:13  Roach  
  91  6:19  Roach  
  91  6:20  Roach  
  92  6:25  Roach x2  
  92  6:26  Roach  
Show
View Real Time Build Order
Export as new Build Order

kettle Zerg - Winner!

Build Orders: Hatch First 

Get SALT Encoding   

  12  0:01  Drone  
  13  0:15  Drone  
  13  0:16  Overlord  
  14  0:35  Drone  
  15  0:36  Drone  
  16  0:49  Hatchery  
  15  0:54  Drone  
  16  0:58  Drone  
  16  1:01  Drone  
  18  1:16  Spawning Pool  
  18  1:18  Extractor  
  16  1:20  Drone  
  16  1:24  Drone  
  18  1:31  Drone  
  19  1:41  Overlord  
  19  1:53  Drone  
  20  2:01  Overlord  
  20  2:10  Drone  
  20  2:15  Drone x2  
  23  2:23  Drone  
  23  2:27  Drone  
  25  2:33  Drone  
  26  2:37  Queen x2  
  30  2:46  Drone  
  30  2:47  Drone  
  30  2:48  Drone  
  33  2:56  Drone  
  34  3:02  Drone  
  35  3:07  Drone  
  35  3:08  Drone  
  37  3:17  Drone  
  37  3:19  Lair  
  38  3:20  Queen  
  38  3:26  Evolution Chamber  
  39  3:28  Roach Warren  
  39  3:32  Drone, Overlord x2, Evolution Chamber  
  38  3:41  Drone  
  39  3:42  Drone  
  40  4:02  Zerg Missile Weapons Level 1  
  40  4:03  Drone x5  
  40  4:05  Extractor  
  40  4:07  Extractor  
  43  4:15  Drone x4  
  47  4:21  Overlord x2  
  47  4:23  Glial Reconstitution  
  47  4:35  Overlord x2  
  47  4:37  Roach x3  
  53  4:41  Roach  
  53  4:42  Roach x2  
  59  4:50  Roach x2  
  63  4:56  Hatchery  
  63  4:57  Drone  
  63  4:59  Roach x2  
  67  5:00  Roach x2  
  67  5:04  Roach  
  73  5:09  Roach  
  73  5:10  Roach x3  
  81  5:21  Overlord  
  81  5:22  Overlord  
  81  5:33  Roach  
  81  5:34  Roach  
  87  5:43  Roach x4  
  87  5:44  Overlord x2  
  93  5:50  Roach  
  93  5:51  Roach  
  97  5:58  Roach x2  
  101  6:06  Roach  
  101  6:08  Roach x2  
  107  6:24  Roach  
  107  6:25  Roach x5  
Tags
 
Add a new tag
Caveats
  • Supply blocks, unpowered buildings, or Contaminate may cause inaccurate times.
  • Supply counts are checked every 10 seconds.